 Dungeon Crawl Stone Soup version 0.30.0-18-gc0e69614cb (webtiles) character file.

Game seed: 2234282353885988660

364 KittyFluff the Cudgeller (level 6, -2/57 HPs)
             Began as a Gargoyle Berserker on May 25, 2023.
             Was a Priest of Trog.
             Slain by a gnoll
             ... wielding a +0 spear
              (4 damage)
             ... on level 3 of the Dungeon.
             The game lasted 00:13:17 (2865 turns).

KittyFluff the Cudgeller (Gargoyle Berserker)       Turns: 2865, Time: 00:13:20

Health: -2/57      AC:  7    Str: 21    XL:     6   Next: 67%
Magic:  6/6        EV: 12    Int:  7    God:    Trog [***...]
Gold:   137        SH:  0    Dex: 11    Spells: 5/5 levels left

rFire   . . .        a - +0 mace
rCold   . . .        (no shield)
rNeg    + . .        b - +0 animal skin
rPois   ∞            (no helmet)
rElec   +            q - +0 cloak
rCorr   .            (no gloves)
SInv    .            (no boots)
Will    .....        (no amulet) Stlth
                     (no ring)
HPRegen 0.29/turn    (no ring)
MPRegen 0.10/turn

%: no passive effects
@: berserking, very quick
A: sickness immunity, AC +4, negative energy resistance 1, electricity
resistance, torment resistance 1, petrification resistance
a: Renounce Religion, Berserk, Trog's Hand


You were on level 3 of the Dungeon.
You worshipped Trog.
Trog was most pleased with you.
You visited 1 branch of the dungeon, and saw 3 of its levels.

You collected 137 gold pieces.

Inventory:

Hand Weapons
 a - a +0 mace (weapon)
 p - a +4 quarterstaff of chaos
Missiles
 e - 6 javelins
 h - 3 poisoned darts (quivered)
 w - a boomerang
Armour
 b - a +0 animal skin (worn)
 q - a +0 cloak (worn)
Jewellery
 k - a ring of ice
 s - an amulet of magic regeneration
Scrolls
 g - a scroll of silence {unknown}
 l - a scroll of blinking {unknown}
 n - 2 scrolls of teleportation {unknown}
 r - a scroll of enchant armour {unknown}
 t - a scroll of amnesia {unknown}
Potions
 c - 2 potions of might
 d - a potion of curing
 i - a potion of haste
 j - 2 potions of mutation {unknown}
 m - a potion of heal wounds {unknown}
 o - a potion of cancellation {unknown}
 u - 2 potions of brilliance {unknown}
 v - a potion of resistance {unknown}


   Skills:
 + Level 4.1 Fighting
 * Level 6.0 Maces & Flails
 * Level 3.2 Armour
 + Level 2.2 Dodging
 + Level 1.2 Stealth


You had 5 spell levels left.
You didn't know any spells.
Your spell library was empty.

Dungeon Overview and Level Annotations

Branches:
Dungeon (3/15)

Altars:
Trog


Innate Abilities, Weirdness & Mutations

You are immune to sickness and miasma.
Your stone body is resilient. (AC +4)
You are immune to poison.
You resist negative energy. (rN+)
You are resistant to electric shocks. (rElec)
You are resistant to unholy torment.
You are immune to petrification.


Message History

The gnoll hits you from afar with a +0 spear.
* * * LOW HITPOINT WARNING * * *
The gnoll hits you but does no damage. The gnoll barely misses you.
The kobold hits you but does no damage. x2
The gnoll hits you from afar with a +0 spear.
* * * LOW HITPOINT WARNING * * *
The gnoll hits you with a +0 spear.
* * * LOW HITPOINT WARNING * * *
Things that are here:
a +0 club; a kobold corpse You hit the gnoll.
The gnoll is heavily wounded.
The gnoll hits you but does no damage. The kobold completely misses you.
The kobold hits you but does no damage. The gnoll closely misses you.
The gnoll barely misses you.
You closely miss the gnoll.
The gnoll is heavily wounded.
You closely miss the gnoll.
The gnoll is heavily wounded.
The gnoll hits you but does no damage. The kobold closely misses you.
The kobold misses you. The gnoll closely misses you.
The gnoll barely misses you.
You sock the gnoll!
You kill the gnoll!
Trog accepts your kill. The kobold hits you but does no damage.
The kobold misses you. The gnoll hits you but does no damage.
The gnoll hits you with a +0 spear.
* * * LOW HITPOINT WARNING * * *
You barely miss the gnoll. The gnoll closely misses you.
The kobold hits you but does no damage. The kobold barely misses you.
The gnoll misses you. The gnoll closely misses you.
You sock the gnoll!
The gnoll is almost dead.
You barely miss the gnoll.
The gnoll is almost dead.
The gnoll hits you with a +0 club.
* * * LOW HITPOINT WARNING * * *
The kobold closely misses you. The kobold hits you but does no damage.
The gnoll hits you from afar with a +0 spear.
You die...

.................................
~~~~~.~~~~~~~~~...~~~~.~.~~~..~..
≈≈~~~≈~~~~~~~~≈≈~~~≈~~≈≈~~~~~~≈~~
~≈~≈~≈≈≈≈≈≈≈≈≈≈≈≈~≈≈≈≈≈≈~~≈≈~≈≈≈≈
~≈~≈≈≈≈≈≈≈≈≈≈≈≈≈≈≈≈≈≈≈#####≈≈≈≈≈≈
####################### #≈≈≈≈≈≈
......)#(........g....# #≈≈≈≈≈≈
......)'.......KKg....#
########........@gg...#
#..........########......#
'..........# #......#
#..........# #......#
########....... ....##'#
+........ ....# ..# #........
....# K# #########


You could see 4 gnolls and 2 kobolds.

Vanquished Creatures
  Sigmund (D:3)
  Crazy Yiuf (D:2)
  6 gnolls (D:3)
  3 adders
  2 worms
  3 dart slugs
  4 orcs (D:3)
  2 ball pythons
  2 bats
  8 endoplasms
  3 giant cockroaches
  2 goblins (D:1)
  5 hobgoblins
  4 jackals (D:1)
  19 kobolds
  A quokka (D:1)
  4 frilled lizards
  5 rats
75 creatures vanquished.

Notes
Turn   | Place    | Note
-------+----------+-------------------------------------------
     0 | D:1      | KittyFluff the Gargoyle Berserker began the quest for the
                  | Orb.
     0 | D:1      | Reached XP level 1. HP: 14/14 MP: 1/1
   117 | D:1      | Reached XP level 2. HP: 6/19 MP: 2/2
   480 | D:1      | Reached XP level 3. HP: 23/23 MP: 3/3
   507 | D:1      | Reached ** piety under Trog
   688 | D:2      | Found a faded altar of an unknown god.
   867 | D:2      | Reached skill level 4 in Maces & Flails
  1058 | D:2      | Found a runed translucent door.
  1059 | D:2      | Noticed Crazy Yiuf
  1067 | D:2      | Killed Crazy Yiuf
  1068 | D:2      | Reached XP level 4. HP: 10/29 MP: 4/4
  1602 | D:3      | Noticed Sigmund
  1624 | D:3      | Killed Sigmund
  1625 | D:3      | Reached skill level 5 in Maces & Flails
  1625 | D:3      | Reached skill level 1 in Stealth
  1625 | D:3      | Reached XP level 5. HP: 21/33 MP: 5/5
  1625 | D:3      | Reached XP level 6. HP: 24/38 MP: 6/6
  2347 | D:3      | Found a bloodstained altar of Trog.
  2809 | D:3      | Reached skill level 6 in Maces & Flails
  2855 | D:3      | Reached *** piety under Trog
  2865 | D:3      | HP: 2/57 [gnoll/+0 club (3)]
  2865 | D:3      | Slain by a gnoll

Illustrated notes

Levels and vault maps discovered:
D:1:      mushboom_english_gardens, layout_basic
D:2:      layout_loops_cross, ebering_ecumenical_altar_box,
          uniq_crazy_yiuf_cottage
D:3:      minmay_goblin_kobold_castle, layout_basic,
          mainiacjoe_overflow_alcove_1, minivault_27, uniq_sigmund

Skill      XL: |  1  2  3  4  5  6 |
---------------+-------------------+-----
Maces & Flails | 4 5 6 |  6.0
Fighting       | 4 |  4.1
Armour         | 3 |  3.2
Dodging        | 2 |  2.2
Stealth        | 1 |  1.2

Action                     |  1- 3 |  4- 6 || total
---------------------------+-------+-------++-------
  Melee: Mace              |    97 |   174 ||   271
         Punch             |     2 |     3 ||     5
    Use: Scroll            |       |     5 ||     5
         Potion            |       |     2 ||     2
   Stab: Sleeping          |     1 |     2 ||     3
 Armour: Animal skin       |    29 |    96 ||   125
  Dodge: Dodged            |    58 |   138 ||   196
